 Dungeon Crawl Stone Soup version 0.18-a0-1343-g48c8f86 (console) character file.

38 Liam the Magician (level 3, -6/19 HPs)
             Began as a Deep Elf Wizard on Feb 16, 2016.
             Killed from afar by Sigmund (7 damage)
             ... with a puff of flame
             ... on level 2 of the Dungeon.
             The game lasted 00:01:59 (1576 turns).

Liam the Magician (Deep Elf Wizard)                 Turns: 1576, Time: 00:01:59

Health: -6/19      AC:  2    Str:  4    XL:     3   Next: 25%
Magic:  4/11       EV: 12    Int: 23    God:
Gold:   83         SH:  0    Dex: 13    Spells: 2 memorised, 9 levels left

rFire  . . .     SeeInvis .     (no weapon)
rCold  . . .     Gourm    .     a - +0 robe
rNeg   . . .     Faith    .     (no shield)
rPois  .         Spirit   .     b - +0 hat
rElec  .         Dismiss  .     (no cloak)
rCorr  .         Reflect  .     (no gloves)
SustAt .         Harm     .     (no boots)
MR     .....                    (no amulet)
Stlth  +.........               (no ring)
                                (no ring)

@: confused, not resistant to hostile enchantments, very unstealthy
A: no striking features
a: no special abilities


You were on level 2 of the Dungeon.
You were not hungry.

You visited 1 branch of the dungeon, and saw 2 of its levels.

You collected 83 gold pieces.

Inventory:

Armour
 a - a +0 robe (worn)
 b - a +0 hat (worn)
Jewellery
 k - an uncursed ring of stealth {unknown}
Scrolls
 e - a scroll of magic mapping {unknown}
 f - 2 scrolls of identify {unknown}
 h - a scroll of fear {unknown}
 i - a scroll of random uselessness {unknown}
 m - 2 scrolls of teleportation {unknown}
 o - a scroll of noise {unknown}
 q - a scroll of immolation {unknown}
Potions
 j - a potion of magic {unknown}
 l - a potion of curing {unknown}
 n - a potion of degeneration {unknown}
Books
 c - a book of Minor Magic

   Spells                             Type                      Level
   a - Magic Dart                     Conjuration                  1
   b - Blink                          Translocation                2
   c - Call Imp                       Summoning                    2
   d - Repel Missiles                 Charms/Air                   2
   e - Slow                           Hexes                        2
   f - Conjure Flame                  Conjuration/Fire             3
   g - Mephitic Cloud                 Conjuration/Poison/Air       3
Comestibles
 d - 2 bread rations
 g - a meat ration
 p - 3 fruits
 r - 2 chunks of flesh


   Skills:
 - Level 2.4 Dodging
 - Level 2.4 Stealth
 + Level 5.0 Spellcasting
 + Level 2.9 Conjurations
   Level 1.1 Summonings
 - Level 1.1 Translocations


You had 9 spell levels left.
You knew the following spells:

 Your Spells              Type           Power        Failure   Level  Hunger
a - Magic Dart            Conj           ###.         2%          1    None
b - Blink                 Tloc           N/A          12%         2    None


Dungeon Overview and Level Annotations

Branches:
Dungeon (2/15)

Altars:
Sif Muna

Annotations:
D:2 Sigmund


Message History

Casting: Magic Dart
Confirm with . or Enter, or press ? or * to list all spells.
Aiming: Magic Dart
Press: ? - help, Shift-Dir - straight line The magic dart hits the kobold.
The kobold barely misses you.
Casting: Magic Dart
Confirm with . or Enter, or press ? or * to list all spells.
Aiming: Magic Dart
Press: ? - help, Shift-Dir - straight line The magic dart hits the kobold.
You kill the kobold!
Something hits you!
Ouch! That really hurt!
* * * LOW HITPOINT WARNING * * *
Drink which item? (? for menu, Esc to quit)
Okay, then.
You are confused.
Sigmund gestures at you while chanting. The puff of flame hits you!
You die...

#### # #... #. #...
#..#...##########################
#.......#......{[...#...........#
........#.#########@#.#########.#
#.......#..{..#.@...#.....#.....#
#.......#####.#.#########.#.#####
##......'..)..#...........#).)...
###...##########################
....## #.# ###.# #.# #### #.# #.#
.# #... #.# #.##.# #.##
#.####.##.# #.#


You could see Sigmund.

Vanquished Creatures
  An adder (D:2)
  2 giant geckos
  4 goblins
  4 hobgoblins
  4 kobolds
  5 bats
  A giant cockroach zombie (D:1)
  A giant newt (D:1)
  A quokka zombie (D:1)
  5 rats
28 creatures vanquished.

Notes
Turn   | Place    | Note
--------------------------------------------------------------
     0 | D:1      | Liam the Deep Elf Wizard began the quest for the Orb.
     0 | D:1      | Reached XP level 1. HP: 10/10 MP: 7/7
   212 | D:1      | Reached XP level 2. HP: 15/15 MP: 1/9
  1173 | D:2      | Reached skill level 5 in Spellcasting
  1201 | D:2      | Learned a level 2 spell: Blink
  1268 | D:2      | Reached XP level 3. HP: 19/19 MP: 8/11
  1275 | D:2      | Found a deep blue altar of Sif Muna.
  1537 | D:2      | Noticed Sigmund
  1576 | D:2      | Killed from afar by Sigmund

Vault maps used:
D:1:      saegor_arrival_fortress
D:2:      marbit_many_paths, first_bread, roderic_serpentine_path, uniq_sigmund

Action                   || total
-------------------------++-------
Melee: Unarmed           ||     2
 Cast: Magic Dart        ||    61
  Eat: Chunk             ||     2
